 Dungeon Crawl Stone Soup version 0.28.0-53-g5a82cb258f (webtiles) character file.

Game seed: 5420646719906756770

498 bnorton916 the Magician (level 6, -3/32 HPs)
             Began as a Deep Elf Fire Elementalist on June 1, 2022.
             Killed from afar by an orc wizard (9 damage)
             ... with a puff of flame
             ... on level 4 of the Dungeon.
             The game lasted 00:04:59 (6917 turns).

bnorton916 the Magician (DEFE)                      Turns: 6917, Time: 00:04:59

Health: -3/32      AC:  2    Str:  5    XL:     6   Next: 94%
Magic:  16/18      EV: 12    Int: 22    God:
Gold:   141        SH:  0    Dex: 15    Spells: 13/16 levels left

rFire   . . .      SeeInvis .   o - +2 dagger (drain)
rCold   . . .      Faith    .   (no shield)
rNeg    . . .      Spirit   .   a - +0 robe
rPois   +          Reflect  .   (no helmet)
rElec   .          Harm     .   (no cloak)
rCorr   .          Rampage  .   (no gloves)
Will    .....                   (no boots)
Stlth   ++........              (no amulet)
HPRegen 0.10/turn               n - ring of poison resistance
MPRegen 0.16/turn               (no ring)

@: no status effects
A: deterioration 1, high MP 1, poison resistance
a: no special abilities


You were on level 4 of the Dungeon.
You visited 1 branch of the dungeon, and saw 4 of its levels.

You collected 141 gold pieces.

Inventory:

Hand Weapons
 o - a +2 dagger of draining (weapon)
 t - a +1 short sword of holy wrath
 u - a +3 whip
Missiles
 f - 34 stones
 j - 4 curare-tipped darts
Armour
 a - a +0 robe (worn)
Magical Staves
 v - a staff of poison
Jewellery
 k - a ring of ice
 n - a ring of poison resistance (left hand)
 r - a ring of resist corrosion
Scrolls
 b - a scroll of magic mapping {unknown}
 g - a scroll of vulnerability {unknown}
 h - a scroll of acquirement {unknown}
 i - a scroll of enchant weapon {unknown}
 m - a scroll of identify {unknown}
 s - a scroll of amnesia {unknown}
Potions
 d - a potion of lignification
 e - a potion of mutation
 l - a potion of flight {unknown}
 p - a potion of degeneration {unknown}
 q - a potion of resistance {unknown}


   Skills:
 - Level 2.4 Dodging
 - Level 2.4 Stealth
 + Level 5.7 Spellcasting
 + Level 4.1 Conjurations
 + Level 3.4 Summonings
 + Level 5.1 Fire Magic


You had 13 spell levels left.
You knew the following spells:

 Your Spells              Type           Power      Damage    Failure   Level
a - Foxfire               Conj/Fire      100%       2x1d9     1%          1
b - Scorch                Fire           58%        2d7       1%          2

Your spell library contained the following spells:

 Spells                   Type           Power      Damage    Failure   Level
 Summon Small Mammal      Summ           84%        N/A       2%          1
 Shock                    Conj/Air       60%        1d6       4%          1
 Conjure Flame            Conj/Fire      26%        6-21      4%          3
 Call Canine Familiar     Summ           21%        N/A       7%          3
 Inner Flame              Hex/Fire       17%        N/A       10%         3
 Summon Guardian Golem    Hex/Summ       13%        N/A       14%         3
 Flame Wave               Conj/Fire      26%        2d7       14%         4
 Swiftness                Air            6%         N/A       28%         3
 Fulminant Prism          Conj/Hex       7%         3d7       38%         4
 Airstrike                Air            3%         N/A       67%         4
 Fire Storm               Conj/Fire      13%        8d3       100%        9


Dungeon Overview and Level Annotations

Branches:
Dungeon (4/15)
 Temple: D:4-7

Altars:
Ashenzari

Shops:
D:2 *

Annotations:
D:4 Pargi


Innate Abilities, Weirdness & Mutations

Your body sometimes deteriorates upon taking damage.
You have an increased reservoir of magic. (+10% MP)
Your system is resistant to poisons. (rPois)


Message History

Deactivating autopickup; reactivate with Ctrl-A.
You are confused.
The foxfire hits something.
The foxfire hits Pargi.
Pargi is lightly wounded.
A puff of flame appears from out of thin air!
The puff of flame hits you!
The orc shouts!
Something hits you.
It was a potion of lignification.
You turn into a tree.
Your +0 robe melds into your body.
Your roots penetrate the ground.
Something hits you but does no damage.
You're too confused to cast spells.
It was a potion of mutation.
You feel extremely strange.
You feel yourself wasting away.
You feel more energetic.
You feel resistant to poisons. Something hits you but does no damage.
It was a potion of cancellation.
Your magical effects are unravelling.
You feel magically purged.
You feel less wooden.
Your +0 robe unmelds from your body.
You feel less confused. Pargi bites you. Pargi claws you.
Pargi barely misses you. Something hits you.
You hear some strange, mumbled words.
Something tries to affect you, but you resist.
You hear some strange, mumbled words.
A puff of flame appears from out of thin air!
The puff of flame hits you!
* * * LOW HITPOINT WARNING * * *
The orc closely misses you. The orc hits you with a +0 whip.
* * * LOW HITPOINT WARNING * * *
Pargi snarls, "My home!
Leave!"
There is an open door here.
The orc wizard shouts!
There is an open door here.
A puff of flame appears from out of thin air!
The puff of flame hits you!
You die...

.............#.#.#...#...........
.####.#####..#'#.#...#...........
#...............#...#...........
#...............#...#...........
#.....o.........#...#<..........
#...............#.###.#.#..#####
###'####.........#.....###..#####
.......'.......#.................
§≈..o§.######.T.@.........#......
§§._§§§#.o..{...#########........
.§...§§#.#####.........###g......
§.§.o§§'.# #...8...8..##.......
###'###### #[..........#.......
#..####### #..........⌠#g......
#........# #...........#.......
#........# #...8...8..##..####.
#........####.........###..# #.


You could see Pargi and an orc wizard.

Vanquished Creatures
  A scorpion (D:4)
  A wyvern zombie (D:4)
  2 hounds (D:4)
  2 iguanas (D:4)
  8 gnolls
  8 adders
  6 worms
  4 dart slugs
  An orc (D:4)
  8 ball pythons
  6 endoplasms
  4 giant cockroaches
  16 goblins
  9 hobgoblins
  4 quokkas
  5 bats (D:1)
  4 frilled lizards
  11 kobolds
  7 rats
107 creatures vanquished.

Vanquished Creatures (others)
  549 foxfires
549 creatures vanquished.

Grand Total: 656 creatures vanquished

Notes
Turn   | Place    | Note
-------+----------+-------------------------------------------
     0 | D:1      | bnorton916 the Deep Elf Fire Elementalist began the quest
                  | for the Orb.
     0 | D:1      | Reached XP level 1. HP: 10/10 MP: 6/6
   701 | D:1      | Reached XP level 2. HP: 15/15 MP: 5/8
  1308 | D:1      | Reached XP level 3. HP: 19/19 MP: 7/10
  2629 | D:2      | Reached skill level 1 in Summonings
  2913 | D:2      | Learned a level 2 spell: Scorch
  2918 | D:2      | Found Bostri's General Store.
  2992 | D:2      | Reached XP level 4. HP: 4/24 MP: 1/12
  4264 | D:2      | Reached XP level 5. HP: 16/28 MP: 6/13
  5627 | D:4      | Reached skill level 5 in Spellcasting
  5706 | D:4      | Reached XP level 6. HP: 32/32 MP: 12/15
  5957 | D:4      | Reached skill level 5 in Fire Magic
  6045 | D:4      | Got the Guide on Combat Magic and Malediction
  6518 | D:4      | Found a broken altar of Ashenzari.
  6886 | D:4      | Noticed Pargi
  6894 | D:4      | Gained mutation: Your body sometimes deteriorates upon
                  | taking damage. [potion of mutation]
  6894 | D:4      | Gained mutation: You have an increased reservoir of magic.
                  | (+10% MP) [potion of mutation]
  6894 | D:4      | Gained mutation: Your system is resistant to poisons.
                  | (rPois) [potion of mutation]
  6917 | D:4      | Killed from afar by an orc wizard

Illustrated notes

Levels and vault maps discovered:
D:1:      dpeg_arrival_subterranean_lakeside_camping, layout_basic
D:2:      layout_loops_ring, serial_shops, shop
D:3:      layout_loops_ring, chequers_jeans, amcnicky_mini_rare_corridor_liquid
D:4:      cheibrodos_pilgrimage, layout_basic,
          mainiacjoe_overflow_six_doors_small, uniq_pargi

Skill      XL: |  1  2  3  4  5  6 |
---------------+-------------------+-----
Conjurations   | 2 3 4 |  4.1
Summonings     | 1 2 3 |  3.4
Spellcasting   | 4 5 |  5.7
Fire Magic     | 4 5 |  5.1
Dodging        | |  2.4
Stealth        | |  2.4

Action                   |  1- 3 |  4- 6 || total
-------------------------+-------+-------++-------
 Cast: Foxfire           |   160 |   178 ||   338
       Scorch            |     2 |    14 ||    16
  Use: Potion            |       |     3 ||     3
Armor: Robe              |     6 |       ||     6
       Skin              |       |     2 ||     2
Dodge: Dodged            |    27 |    21 ||    48
